 Dungeon Crawl Stone Soup version 0.30-a0-691-g754fce4c43 (webtiles) character file.

Game seed: 15465707604250160475

3366 NinjaNoafa the Cleaver (level 10, -3/90 HPs)
             Began as a Hill Orc Fighter on Jan 19, 2023.
             Was a Follower of the Shining One.
             Killed by divine providence
             ... invoked by an orc priest
              (9 damage)
             ... on level 9 of the Dungeon.
             The game lasted 00:16:51 (9063 turns).

NinjaNoafa the Cleaver (Hill Orc Fighter)           Turns: 9063, Time: 00:16:52

Health: -3/90      AC: 12    Str: 21 (24) XL:     10   Next: 3%
Magic:  10/10      EV:  9    Int:  7 (8)  God:    the Shining One [*.....]
Gold:   394        SH:  6    Dex:  8 (10) Spells: 9/9 levels left

rFire   . . .      SeeInvis .    a - +0 war axe (spect)
rCold   . . .      Faith    .    c - +1 buckler
rNeg    . . .      Spirit   .    y - +0 chain mail
rPois   .          Reflect  .    z - +0 helmet
rElec   .          Harm     .    (no cloak)
rCorr   .          Rampage  .    (no gloves)
Will    +....                    (no boots) Stlth
                                 (no amulet)
HPRegen 0.35/turn                x - ring of willpower
MPRegen 0.12/turn                p - +4 ring of slaying

@: lethally poisoned (-3 -> -15), glowing
A: no striking features
a: Renounce Religion, Convert to Beogh, Divine Shield


You were on level 9 of the Dungeon.
You worshipped the Shining One.
The Shining One was aware of your devotion.
You visited 2 branches of the dungeon, and saw 10 of its levels.
You also visited: Sewer.

You collected 418 gold pieces.
You spent 24 gold pieces at shops.

Inventory:

Hand Weapons
 a - a +0 spectral war axe (weapon)
Missiles
 j - 32 poisoned darts
 A - 2 boomerangs (quivered)
Armour
 c - a +1 buckler (worn)
 y - a +0 chain mail (worn)
 z - a +0 helmet (worn)
Jewellery
 b - a ring of willpower
 l - a ring of ice
 p - a +4 ring of slaying (right hand)
 x - a ring of willpower (left hand)
 H - a +6 ring of strength
Wands
 B - a wand of acid (7)
 E - a wand of flame (12)
Scrolls
 g - 2 scrolls of immolation
 i - a scroll of poison
 q - 4 scrolls of blinking
 r - 3 scrolls of magic mapping
 s - 2 scrolls of vulnerability {unknown}
 v - 2 scrolls of fear
 w - a scroll of amnesia {unknown}
 D - a scroll of teleportation
 G - a scroll of fog {unknown}
Potions
 d - 2 potions of might
 e - 3 potions of brilliance
 f - 5 potions of magic
 h - 3 potions of heal wounds
 k - a potion of curing {unknown}
 m - 2 potions of ambrosia
 n - a potion of haste
 o - a potion of degeneration
 t - a potion of cancellation
 u - 2 potions of attraction {unknown}
 C - a potion of flight {unknown}
 F - a potion of lignification


   Skills:
 + Level 8.6 Fighting
 + Level 9.1 Axes
 + Level 7.9 Armour
 + Level 5.3 Dodging
 - Level 6.0 Shields


You had 9 spell levels left.
You didn't know any spells.
Your spell library contained the following spells:

 Spells                   Type           Power      Damage    Failure   Level
 Apportation              Tloc           0%         N/A       99%         1
 Necrotise                Necr           0%         1d4       99%         1
 Sandblast                Erth           0%         2d4       99%         1
 Summon Small Mammal      Summ           0%         N/A       99%         1
 Passwall                 Tmut/Erth      0%         N/A       100%        2
 Sublimation of Blood     Necr           0%         N/A       100%        2
 Ozocubu's Armour         Ice            0%         N/A       100%        3
 Stone Arrow              Conj/Erth      0%         3d7       100%        3
 Petrify                  Tmut/Erth      0%         N/A       100%        4
 Alistair's Intoxication  Tmut/Pois      0%         N/A       100%        5
 Irradiate                Conj/Tmut      0%         3d11      100%        5
 Ozocubu's Refrigeration  Ice            0%         4d7       100%        7


Dungeon Overview and Level Annotations

Branches:
Dungeon (9/15)             Temple (1/1) D:5           Sewer (visited)
   Lair: D:8-11         Orc: D:9-12

Altars:
Cheibriados
Dithmenos
Elyvilon
Fedhas
Gozag
Hepliaklqana
Kikubaaqudgha
Makhleb
Nemelex Xobeh
Okawaru
Qazlal
Ru
Sif Muna
Trog
Uskayaw
Vehumet
Xom
Zin
The Shining One

Shops:
D:2 ::**   D:3 ?   D:7 (

Annotations:
D:8 2 transporters


Message History

It was a potion of cancellation.
Your magical effects are unravelling.
You feel magically purged.
You feel less wooden.
Your +0 helmet unmelds from your body.
Your +0 chain mail unmelds from your body.
You feel less invigorated.
You feel yourself slow down.
You feel less confused.
You feel a little less clever now.
* * * LOW HITPOINT WARNING * * *
You feel very sick. The gnoll sergeant barely misses you.
Okay, then.
Aiming: Corrosive Bolt
Press: ? - help, Shift-Dir - straight line, f - orc priest
Aim: an orc priest, wielding a +0 mace and wearing a +0 leather armour (71% to hit)
The bolt of acid hits the gnoll sergeant!
The acid corrodes the gnoll sergeant!
The gnoll sergeant is severely wounded.
The bolt of acid hits the orc priest!
The orc priest is almost dead.
The bolt of acid hits the orc priest!
The acid corrodes the orc priest!
The orc priest is severely wounded.
The orc priest threatens, "By the altar or by the axe, you will meet Beogh!"
* * * LOW HITPOINT WARNING * * *
You feel very sick. You block the gnoll sergeant's attack.
Aiming: Corrosive Bolt
Press: ? - help, Shift-Dir - straight line, f - orc priest, p - orc priest
Aim: an orc priest, wielding a +0 flail (71% to hit)
The bolt of acid hits the gnoll sergeant!
You kill the gnoll sergeant!
The bolt of acid hits the orc priest!
The acid corrodes the orc priest!
The orc priest is almost dead.
The orc priest shouts, "Surrender to Beogh and we'll let you live!"
* * * LOW HITPOINT WARNING * * *
You feel very sick.
The orc priest invokes the aid of Beogh against you.
Beogh smites you!
You die...

#..............
#.#.###########.#
#.#.# #.# #.#.#
#.# #.#.# #.#
#.#.# #.# #.#.#
#.# ...#####.#.#
#.# .......@>..#
.########.#
...#####.###
.......<#.#
#)####..........#
#oo...........###
#o###########.#
#.# #.# #'# #.#
... #.# ... #.#


You could see 3 orc priests.

Vanquished Creatures
  A hornet (D:7)
  A shadow (D:9)
  Sigmund (D:4)
  3 yaks (D:8)
  2 wyverns (D:8)
  A water moccasin (D:5)
  An ice beast (D:7)
  2 black bears
  2 orc warriors
  A centaur (D:5)
  3 kobold brigands (D:8)
  A gnoll sergeant (D:9)
  3 scorpions
  2 bullfrogs (Sewer)
  3 wights (D:8)
  A crimson imp (D:3)
  A gnoll bouda (D:7)
  An orc priest (D:6)
  7 hounds
  2 jellies
  An iguana (D:6)
  2 orc wizards (D:8)
  Robin (D:4)
  6 gnolls
  13 adders
  5 river rats (Sewer)
  A white imp (D:6)
  An ufetubus (D:5)
  2 worms
  11 dart slugs (D:4)
  11 orcs
  19 ball pythons
  11 endoplasms
  5 giant cockroaches
  15 goblins
  8 hobgoblins
  2 quokkas (D:4)
  3 bats
  3 frilled lizards
  19 kobolds
  38 rats
216 creatures vanquished.

Notes
Turn   | Place    | Note
-------+----------+-------------------------------------------
     0 | D:1      | NinjaNoafa the Hill Orc Fighter began the quest for the
                  | Orb.
     0 | D:1      | Reached XP level 1. HP: 19/19 MP: 1/1
   135 | D:1      | Reached XP level 2. HP: 27/27 MP: 2/2
   183 | D:1      | Reached skill level 3 in Axes
   565 | D:2      | Found Voweg's Book Shoppe.
   581 | D:2      | Found a faded altar of an unknown god.
   602 | D:2      | Found Fechann's Book Shoppe.
   612 | D:2      | Found Imeot's General Store.
   666 | D:2      | Found Calust's General Store.
   674 | D:2      | Bought a scroll of identify for 24 gold pieces
   686 | D:2      | Reached XP level 3. HP: 33/33 MP: 3/3
   822 | D:2      | You fall into a shaft and drop 1 floor!
   833 | D:3      | Found a stormy altar of Qazlal.
  1089 | D:3      | Identified the +11 short sword of Zieku {elec, Dex+6}
  1152 | D:3      | Found Worif's Magic Scroll Shoppe.
  1297 | D:3      | Found a glowing drain.
  1314 | D:3      | Reached skill level 1 in Dodging
  1319 | Sewer    | Entered a sewer
  1447 | Sewer    | Reached XP level 4. HP: 35/40 MP: 4/4
  1753 | Sewer    | Reached XP level 5. HP: 46/47 MP: 5/5
  1764 | Sewer    | Reached skill level 4 in Axes
  1918 | Sewer    | Reached XP level 6. HP: 39/53 MP: 6/6
  2186 | D:3      | Found a burning altar of Makhleb.
  2186 | D:3      | Found a radiant altar of Vehumet.
  2709 | D:2      | Reached skill level 5 in Fighting
  3517 | D:4      | Reached XP level 7. HP: 15/61 MP: 7/7
  3911 | D:4      | Reached skill level 5 in Axes
  4129 | D:4      | Reached skill level 5 in Shields
  4136 | D:4      | Noticed Robin
  4153 | D:4      | Killed Robin
  4168 | D:4      | Reached skill level 5 in Armour
  4235 | D:4      | Noticed Sigmund
  4251 | D:4      | Killed Sigmund
  4553 | D:5      | Entered Level 5 of the Dungeon
  4573 | D:5      | Found a staircase to the Ecumenical Temple.
  4609 | Temple   | Entered the Ecumenical Temple
  4723 | Temple   | Became a worshipper of the Shining One
  4796 | D:5      | Reached XP level 8. HP: 43/70 MP: 8/8
  4801 | D:5      | Reached skill level 6 in Axes
  6067 | D:6      | Identified the +5 falchion "Hoedecai" {spect, rElec}
  6170 | D:6      | Found an iron altar of Okawaru.
  6430 | D:6      | Found a hazy altar of Hepliaklqana.
  6430 | D:6      | Found a snail-covered altar of Cheibriados.
  6436 | D:6      | Found an opulent altar of Gozag.
  6438 | D:6      | Found a faded altar of an unknown god.
  6440 | D:6      | Found a faded altar of an unknown god.
  7082 | D:7      | Reached skill level 7 in Axes
  7287 | D:7      | Noticed a hornet
  7294 | D:7      | Paralysed by a hornet for 3 turns
  7300 | D:7      | Killed a hornet
  7301 | D:7      | Reached XP level 9. HP: 31/79 MP: 9/9
  7530 | D:7      | Found Tuynwo's Antique Weapon Shoppe.
  8061 | D:8      | Found a shadowy altar of Dithmenos.
  8075 | D:8      | Reached skill level 8 in Axes
  8239 | D:8      | Noticed a manticore
  8240 | D:8      | Found a transporter.
  8241 | D:8      | Noticed a brown ugly thing
  8241 | D:8      | Reached * piety under the Shining One
  8244 | D:8      | Found a transporter.
  8306 | D:8      | Found a shimmering altar of Xom.
  8320 | D:8      | Reached skill level 5 in Dodging
  8978 | D:9      | Reached skill level 9 in Axes
  8978 | D:9      | Reached XP level 10. HP: 85/90 MP: 10/10
  9063 | D:9      | Killed from afar by an orc priest

Illustrated notes

Levels and vault maps discovered:
D:1:      giann_horns, layout_basic, feat_on_display
D:2:      layout_loops_ring, hellmonk_ecumenical_altar_crossroads, serial_shops,
          shop_fountains, nicolae_shop_competitors_out_of_business,
          nicolae_shop_stone, shop, st_stairs_5, eino_tiny_chamber,
          nicolae_concentric_dashed_squares_wild
D:3:      layout_basic, grunt_temple_overflow_lords_of_destruction,
          grunt_qazlal_sundering, portal_sewer_entry_b, serial_shops,
          nicolae_shop_behind_doors
D:4:      kennysheep_slugbush, layout_basic, minmay_distorted, uniq_sigmund,
          uniq_robin
D:5:      layout_loops_cross, minmay_temple_entry_overgrown, chequers_big_river
D:6:      layout_cave_pods, okawaru_gym_becter,
          chequers_temple_overflow_minitemple
D:7:      layout_loops_cross, serial_shops,
          nicolae_shop_temple_entry_statues_fountains, hangedman_decor_push,
          grunt_decor_fettered
D:8:      layout_gridville, grunt_dithmenos_smoke_and_mirrors,
          gammafunk_temple_overflow_arena
D:9:      layout_basic, general_overflow_altar, orc_0_dummy, serial_shops, shop,
          nrook_mini_vaults
Temple:   cyrus_temple_forest

Skill      XL: |  1  2  3  4  5  6  7  8  9 |
---------------+----------------------------+-----
Axes           | 3 4 5 7 9 |  9.1
Fighting       | 4 5 7 8 |  8.6
Dodging        | 1 2 3 4 5 |  5.3
Shields        | 4 5 6 |  6.0
Armour         | 4 5 6 7 |  7.9

Action                   |  1- 3 |  4- 6 |  7- 9 | 10-12 || total
-------------------------+-------+-------+-------+-------++-------
Melee: War axe           |   145 |   159 |   228 |     5 ||   537
       Unarmed           |       |       |    43 |       ||    43
Throw: Dart              |       |       |     1 |       ||     1
       Boomerang         |       |       |       |     1 ||     1
Evoke: Wand              |       |       |       |     2 ||     2
  Use: Scroll            |     5 |     3 |    10 |       ||    18
       Potion            |       |     1 |     4 |     9 ||    14
Armor: Scale mail        |    62 |   108 |    52 |       ||   222
       Skin              |       |    46 |    58 |     3 ||   107
       Chain mail        |       |       |    59 |     4 ||    63
Dodge: Dodged            |    74 |   133 |   139 |     8 ||   354
Block: Buckler           |    32 |    55 |    97 |     6 ||   190

Table legend: (Time is in decaauts)
 A = Elapsed time spent in this place.
 B = Non-inter-level travel time spent in this place.
 C = Inter-level travel time spent in this place.
 D = Time resting spent in this place.
 E = Time spent auto-exploring this place.
 F = Levels seen in this place.
 G = Mean time per level.
                   A        B        C        D        E       F      G
               +--------+--------+--------+--------+--------+-----+--------+
         Total |   9315 |   8635 |    680 |      2 |   6817 |  11 |  846.8 |
       Dungeon |   8326 |   7687 |    639 |      2 |   6171 |   9 |  925.1 |
        Temple |    155 |    114 |     41 |      0 |     84 |   1 |  155.0 |
         Sewer |    833 |    833 |      0 |      0 |    561 |   1 |  833.0 |
               +--------+--------+--------+--------+--------+-----+--------+

Top non-repeatable levels by time:
     D:3: 1674 daAuts
     D:5: 1129 daAuts
     D:6: 1111 daAuts
     D:7: 1099 daAuts
     D:4: 985 daAuts
     D:8: 928 daAuts
   Sewer: 833 daAuts
     D:2: 722 daAuts
     D:1: 552 daAuts
  Temple: 155 daAuts
     D:9: 123 daAuts
